 Dungeon Crawl Stone Soup version 0.28-a0-1199-gef9e1dbd39 (webtiles) character file.

Game seed: 10648108937184044974

1749 bearlyready the Carver (level 8, 0/64 HPs)
             Began as a Minotaur Delver on Dec 20, 2021.
             Slain by a two-headed ogre (25 damage)
             ... on level 5 of the Dungeon.
             The game lasted 00:07:48 (7596 turns).

bearlyready the Carver (Minotaur Delver)            Turns: 7596, Time: 00:07:48

Health: 0/64       AC:  9    Str: 20    XL:     8   Next: 78%
Magic:  7/7        EV: 12    Int: 13    God:
Gold:   270        SH:  0    Dex: 11    Spells: 7/7 levels left

rFire   . . .      SeeInvis .   a - +0 falchion
rCold   + . .      Faith    .   (no shield)
rNeg    . . .      Spirit   .   H - +3 leather armour {rC+}
rPois   +          Reflect  .   (helmet restricted)
rElec   .          Harm     .   E - +2 cloak {rPois}
rCorr   .          Rampage  .   (no gloves)
Will    .....                   (no boots)
Stlth   ++........              (no amulet)
HPRegen 0.20/turn               p - +6 ring of intelligence
MPRegen 0.10/turn               (no ring)

@: no status effects
A: horns 2, retaliatory headbutt
a: no special abilities


You were on level 5 of the Dungeon.
You visited 1 branch of the dungeon, and saw 6 of its levels.

You collected 270 gold pieces.

Inventory:

Hand Weapons
 a - a +0 falchion (weapon)
Missiles
 i - 125 stones
 k - 62 bolts
 s - 43 sling bullets
 D - 7 poisoned darts (quivered)
 G - 3 boomerangs
Armour
 b - a +0 leather armour
 y - a +0 ring mail
 C - a +0 plate armour
 E - a +2 cloak of poison resistance (worn)
 H - a +3 leather armour of cold resistance (worn)
Jewellery
 p - a +6 ring of intelligence (left hand)
 x - a ring of fire
Wands
 g - a wand of digging (3)
Scrolls
 c - a scroll of fog
 d - 3 scrolls of magic mapping
 h - a scroll of acquirement {unknown}
 m - a scroll of enchant armour {unknown}
 n - 3 scrolls of amnesia {unknown}
 q - a scroll of noise {unknown}
 u - 2 scrolls of vulnerability {unknown}
 v - a scroll of teleportation {unknown}
 w - 2 scrolls of enchant weapon {unknown}
 z - a scroll of brand weapon {unknown}
 B - 3 scrolls of identify {unknown}
 F - a scroll of blinking {unknown}
Potions
 e - 2 potions of resistance {unknown}
 f - a potion of cancellation {unknown}
 j - 3 potions of might {unknown}
 l - a potion of mutation {unknown}
 o - 4 potions of curing
 r - 2 potions of degeneration {unknown}
 t - 3 potions of invisibility {unknown}
 A - 2 potions of lignification {unknown}


   Skills:
 - Level 3.6 Fighting
 + Level 13.5 Long Blades
 - Level 2.1 Dodging
 - Level 4.1 Stealth


You had 7 spell levels left.
You didn't know any spells.
Your spell library contained the following spells:

 Spells                   Type           Power      Damage    Failure   Level
 Call Imp                 Summ           0%         N/A       50%         2
 Ensorcelled Hibernation  Hex/Ice        0%         N/A       50%         2
 Sublimation of Blood     Necr           0%         N/A       50%         2
 Frozen Ramparts          Ice            0%         1d2       73%         3
 Spider Form              Tmut/Pois      0%         N/A       73%         3
 Stone Arrow              Conj/Erth      0%         3d7       73%         3
 Animate Armour           Summ/Erth      0%         N/A       98%         4
 Cause Fear               Hex            0%         N/A       98%         4
 Fulminant Prism          Conj/Hex       0%         3d6       98%         4
 Ice Form                 Ice/Tmut       0%         N/A       98%         4
 Iskenderun's Mystic Bla  Conj/Tloc      0%         2d3       98%         4
 Petrify                  Tmut/Erth      0%         N/A       98%         4
 Summon Ice Beast         Ice/Summ       0%         N/A       98%         4
 Irradiate                Conj/Tmut      0%         3d13      100%        5
 Lee's Rapid Deconstruct  Erth           0%         3d5*      100%        5
 Dispersal                Tloc           0%         N/A       100%        6
 Summon Cactus Giant      Summ           0%         N/A       100%        6
 Dragon Form              Tmut           0%         N/A       100%        7
 Disjunction              Tloc           0%         N/A       100%        8
 Lehudib's Crystal Spear  Conj/Erth      0%         10d2      100%        8
 Dragon's Call            Summ           0%         N/A       100%        9


Dungeon Overview and Level Annotations

Branches:
Dungeon (6/15)
 Temple: D:4-7

Altars:
Gozag


Innate Abilities, Weirdness & Mutations

You have a pair of horns on your head.
You reflexively headbutt those who attack you in melee.


Message History

The scorpion is almost dead.
You hit the scorpion.
The scorpion is almost dead.
The scorpion stings you.
You barely miss the scorpion.
The scorpion is almost dead.
The scorpion closely misses you. You furiously retaliate!
You headbutt the scorpion!
You kill the scorpion!
No target in view!
No target in view!
No target in view!
No target in view!
No target in view!
You see here a scorpion corpse.
You pick up a book of Alchemy and begin reading...
You add the spells Sublimation of Blood and Irradiate to your library.
You now have 270 gold pieces (gained 7).
Found a ring mail.
You see here a +0 ring mail.
You pick up a book of the Warp and begin reading...
You add the spells Dispersal and Disjunction to your library.
B - 3 scrolls labelled TEULYO NAATO (gained 1) Done exploring.
Done exploring.
Done exploring.
Done exploring.
You see here a +0 ring mail.
Things that are here:
a +5 dire flail of holy wrath; a +2 robe of willpower
There is a stone staircase leading up here.
You climb upwards.
The two-headed ogre hits you with a +0 giant club!!
The two-headed ogre hits you with a +0 giant spiked club!!
* * * LOW HITPOINT WARNING * * *
There is a stone staircase leading down, spattered with blood here.
A two-headed ogre is nearby!
The two-headed ogre barely misses you.
The two-headed ogre hits you with a +0 giant spiked club!!
You die...

#....<............###.
##.....####.########..#
##.......# #.# #.###
#...♣♣♣..# #.# ##..#
#..♣# #♣.# #.# ###.
#..♣ ♣.###.# ##..#
#..♣# #♣.....# #.###
#...♣♣♣...#### ##..#
#......@.## ###.
#.......O### ##..#
####.##....# #.###
#.##.##.# ##..#
#.##.##.# #..#
#.##.##.# ##.#
#.##.##.# #.. #.##.##.#
### #.##.##.#


You could see a two-headed ogre.

Vanquished Creatures
  Edmund (D:6)
  Duvessa (D:4)
  A hornet zombie (D:6)
  An orc warrior (D:5)
  A sky beast (D:6)
  An ogre (D:4)
  2 phantoms
  Blork the orc (D:6)
  2 scorpions (D:6)
  Dowan (D:4)
  A howler monkey (D:6)
  A bullfrog zombie (D:6)
  3 hounds
  Crazy Yiuf (D:2)
  2 bullfrog skeletons
  4 orc priests
  A gnoll shaman (D:6)
  4 iguanas
  4 orc wizards
  2 hound zombies (D:5)
  2 howler monkey zombies
  3 gnolls (D:6)
  An adder (D:4)
  2 adder skeletons
  A worm (D:2)
  5 dart slugs
  17 orcs
  6 bats
  9 endoplasms
  3 hobgoblins
  4 jackals (D:1)
  4 quokkas
  3 ball pythons
  7 frilled lizards
  8 goblins
  5 kobolds
  9 rats
124 creatures vanquished.

Vanquished Creatures (others)
  4 plants (D:5)
4 creatures vanquished.

Grand Total: 128 creatures vanquished

Notes
Turn   | Place    | Note
-------+----------+-------------------------------------------
     0 | D:5      | bearlyready the Minotaur Delver began the quest for the
                  | Orb.
     0 | D:5      | Reached XP level 1. HP: 19/19 MP: 0/0
    55 | D:5      | Noticed a phantom
    86 | D:4      | Found an opulent altar of Gozag.
   213 | D:4      | Noticed a hound
   543 | D:2      | Reached skill level 3 in Long Blades
   673 | D:1      | Reached XP level 2. HP: 22/26 MP: 1/1
   898 | D:1      | Reached skill level 4 in Long Blades
   918 | D:1      | Reached XP level 3. HP: 13/31 MP: 2/2
  1501 | D:1      | Found a faded altar of an unknown god.
  1502 | D:1      | Noticed an eye of devastation
  1512 | D:1      | Noticed a golden eye
  1516 | D:1      | Noticed an eye of devastation
  1516 | D:1      | Noticed a golden eye
  1721 | D:2      | Got the Grimoire of Summoning and the Mountains
  1730 | D:2      | Reached skill level 5 in Long Blades
  1884 | D:2      | Found a runed translucent door.
  1885 | D:2      | Noticed Crazy Yiuf
  2150 | D:2      | HP: 1/31 [Crazy Yiuf (13)]
  2567 | D:3      | Reached XP level 4. HP: 39/39 MP: 3/3
  3044 | D:4      | Reached skill level 6 in Long Blades
  3044 | D:4      | Reached XP level 5. HP: 36/45 MP: 4/4
  3597 | D:4      | Noticed a phantom
  3616 | D:4      | Killed a phantom
  3617 | D:4      | Reached skill level 7 in Long Blades
  3948 | D:4      | Noticed Duvessa
  3948 | D:4      | Noticed Dowan
  3962 | D:4      | Killed Duvessa
  3963 | D:4      | Reached skill level 8 in Long Blades
  3963 | D:4      | Reached XP level 6. HP: 17/51 MP: 5/5
  3974 | D:4      | Killed Dowan
  4256 | D:4      | Reached skill level 9 in Long Blades
  4425 | D:5      | Reached XP level 7. HP: 57/57 MP: 6/6
  4930 | D:5      | Reached skill level 10 in Long Blades
  5593 | D:2      | Killed Crazy Yiuf
  6041 | D:5      | Noticed a two-headed ogre
  6079 | D:6      | Noticed Blork the orc
  6103 | D:6      | Killed Blork the orc
  6104 | D:6      | Reached skill level 11 in Long Blades
  6129 | D:6      | Reached XP level 8. HP: 38/64 MP: 7/7
  6489 | D:6      | Reached skill level 12 in Long Blades
  6654 | D:6      | Noticed Edmund
  6678 | D:6      | Killed Edmund
  6858 | D:6      | Reached skill level 13 in Long Blades
  7596 | D:5      | Slain by a two-headed ogre

Illustrated notes

Levels and vault maps discovered:
D:1:      pf_arrival_petrified_forest, layout_rooms,
          hellmonk_ecumenical_altar_watching_god,
          hangedman_abyss_or_decor_lesser_grid, chequers_serial_rivers_micro_a
D:2:      layout_rooms, amcnicky_mini_rare_corridor_liquid,
          uniq_crazy_yiuf_cottage
D:3:      layout_basic, kennysheep_generic_room_12
D:4:      layout_loops_ring, lemuel_crystal_altar, uniq_duvessa
D:5:      wad_lake_hut, layout_loops_ring, minmay_hedge_maze,
          nicolae_concentric_dashed_squares_wild, kennysheep_pointless_box,
          minmay_stone_trees_small, grunt_decor_resistance
D:6:      layout_loops_cross, st_stairs_8, uniq_blork_the_orc, uniq_edmund

Skill      XL: |  1  2  3  4  5  6  7  8 |
---------------+-------------------------+-----
Long Blades    | 3 4 5 6 8 9 11 13 | 13.5
Fighting       | |  3.6
Dodging        | |  2.1
Stealth        | |  4.1

Action                   |  1- 3 |  4- 6 |  7- 9 || total
-------------------------+-------+-------+-------++-------
Melee: Falchion          |   129 |    86 |   248 ||   463
       Headbutt          |    20 |    18 |    40 ||    78
Throw: Stone             |     1 |       |       ||     1
       Dart              |       |       |    15 ||    15
  Use: Scroll            |     1 |       |       ||     1
       Potion            |       |     2 |       ||     2
 Stab: Sleeping          |    10 |     1 |     1 ||    12
Armor: Leather armour    |    37 |       |     9 ||    46
       Ring mail         |       |    18 |    10 ||    28
       Plate armour      |       |       |    40 ||    40
Dodge: Dodged            |    70 |    41 |    70 ||   181

Table legend: (Time is in decaauts)
 A = Elapsed time spent in this place.
 B = Non-inter-level travel time spent in this place.
 C = Inter-level travel time spent in this place.
 D = Time resting spent in this place.
 E = Time spent auto-exploring this place.
 F = Levels seen in this place.
 G = Mean time per level.
                   A        B        C        D        E       F      G
               +--------+--------+--------+--------+--------+-----+--------+
         Total |   7547 |   7350 |    197 |    458 |   5613 |   6 | 1257.8 |
       Dungeon |   7547 |   7350 |    197 |    458 |   5613 |   6 | 1257.8 |
               +--------+--------+--------+--------+--------+-----+--------+

Top non-repeatable levels by time:
     D:3: 1514 daAuts
     D:5: 1472 daAuts
     D:4: 1451 daAuts
     D:6: 1428 daAuts
     D:1: 917 daAuts
     D:2: 763 daAuts
